 Dungeon Crawl Stone Soup version 0.29.1-12-g30fa7ad0bf (webtiles) character file.

Game seed: 9999076396371746567

18 xian the Shooter (level 2, -5/22 HPs)
             Began as a Formicid Hunter on Dec 17, 2022.
             Killed by nerve-wracking pain
             ... invoked by Jessica
              (14 damage)
             ... on level 2 of the Dungeon.
             The game lasted 00:02:38 (1096 turns).

xian the Shooter (Formicid Hunter)                  Turns: 1096, Time: 00:02:38

Health: -5/22      AC: 10    Str: 15    XL:     2   Next: 85%
Magic:  2/2        EV:  4    Int:  8    God:
Gold:   43         SH:  0    Dex: 17    Spells: 1/1 levels left

rFire   . . .      SeeInvis +   a - +0 shortbow
rCold   . . .      Faith    .   (no shield)
rNeg    . . .      Spirit   .   f - +0 plate armour
rPois   .          Reflect  .   (helmet unavailable)
rElec   .          Harm     .   (no cloak)
rCorr   .          Rampage  .   (no gloves)
Will    .....                   (no boots)
Stlth   ..........              (no amulet)
HPRegen 0.07/turn               (no ring)
MPRegen 0.08/turn               (no ring)

@: no status effects
A: permanent stasis, dig shafts and tunnels, antennae 3, four strong arms
a: Dig, Shaft Self


You were on level 2 of the Dungeon.
You visited 1 branch of the dungeon, and saw 2 of its levels.

You collected 43 gold pieces.

Inventory:

Hand Weapons
 a - a +0 shortbow (weapon)
 j - a +1 dagger of speed
Armour
 f - a +0 plate armour (worn)
Scrolls
 b - a scroll of immolation
 c - a scroll of torment {unknown}
 d - a scroll of butterflies {unknown}
 h - a scroll of summoning {unknown}
 i - a scroll of fear {unknown}
Potions
 e - a potion of curing {unknown}
 g - a potion of heal wounds {unknown}


   Skills:
 + Level 2.3 Fighting
 + Level 4.4 Ranged Weapons
 + Level 0.7 Armour
 + Level 2.0 Dodging
 + Level 1.2 Stealth


You had one spell level left.
You didn't know any spells.
Your spell library was empty.

Dungeon Overview and Level Annotations

Branches:
Dungeon (2/15)

Altars:

Annotations:
D:2 Jessica


Innate Abilities, Weirdness & Mutations

You cannot be hasted, slowed, berserked, paralysed or teleported.
You can dig through walls and to a lower floor.
You have a pair of large antennae on your head. (SInv)
Your four strong arms can wield two-handed weapons with a shield.


Message History

Jessica blinks!
You shoot an arrow. The arrow hits Jessica.
Jessica is moderately wounded.
You shoot an arrow. The arrow barely misses Jessica.
You shoot an arrow. The arrow closely misses Jessica.
You shoot an arrow. The arrow barely misses Jessica.
Jessica shouts, "Stop bothering me, or I'll kill you!"
Jessica hits you but does no damage. x2
You shoot an arrow. The arrow hits Jessica.
Jessica is severely wounded.
Jessica mumbles some strange words.
Jessica blinks!
Jessica points at you and mumbles some strange words.
Pain shoots through your body!
You shoot an arrow. The arrow closely misses Jessica.
Jessica hits you but does no damage. Jessica casts a spell at you.
Pain shoots through your body!
You are too injured to fight recklessly!
You are too injured to fight recklessly!
You are too injured to fight recklessly!
You are too injured to fight recklessly!
You are too injured to fight recklessly!
You are too injured to fight recklessly!
Unknown command.
Fire: a) +0 shortbow
Press: ? - help, Q - select action, (/) - cycle Shift-Dir - straight line, f/p - Jessica
Aim: Jessica, wielding a +0 club and wearing a +2 robe of resistance (severely wounded, 63% to hit)
You shoot an arrow. The arrow barely misses Jessica.
Jessica hits you but does no damage.
Jessica casts a spell.
Jessica blinks!
Fire: a) +0 shortbow
Press: ? - help, Q - select action, (/) - cycle Shift-Dir - straight line, f/p - Jessica
Aim: Jessica, wielding a +0 club and wearing a +2 robe of resistance (severely wounded, 63% to hit)
You shoot an arrow. The arrow closely misses Jessica.
Jessica points at you and mumbles some strange words.
Pain shoots through your body!
Ouch! That really hurt!
You die...

#....#.#
#....#.####
#..!......#
#.......#.#
#......#.#
######........#
.......?.......
######........#
#.@...@#.#
#......#.#
#.......?#
##.####### #<#
#.# ... .....
#.....#


You could see Jessica.

Vanquished Creatures
  An endoplasm (D:1)
  4 goblins (D:1)
  A hobgoblin (D:1)
  4 quokkas (D:1)
  A ball python (D:1)
  A frilled lizard (D:1)
  4 rats (D:1)
16 creatures vanquished.

Notes
Turn   | Place    | Note
-------+----------+-------------------------------------------
     0 | D:1      | xian the Formicid Hunter began the quest for the Orb.
     0 | D:1      | Reached XP level 1. HP: 16/16 MP: 1/1
   399 | D:1      | Reached XP level 2. HP: 22/22 MP: 2/2
  1083 | D:2      | Noticed Jessica
  1096 | D:2      | Killed from afar by Jessica

Illustrated notes

Levels and vault maps discovered:
D:1:      dpeg_arrival_signposts, layout_loops_ring,
          hangedman_decor_clover_reticule, minmay_misc_feat_enclosed
D:2:      minmay_wonky_spiral, layout_loops_cross, uniq_crazy_yiuf_cottage,
          uniq_jessica

Skill      XL: |  1  2 |
---------------+-------+-----
Dodging        | 2 |  2.0
Fighting       | |  2.3
Ranged Weapons | |  4.4
Armour         | |  0.7
Stealth        | |  1.2

Action                   || total
-------------------------++-------
 Fire: Shortbow          ||    52
 Abil: Dig               ||     1
Armor: Plate armour      ||    23
Dodge: Dodged            ||    14
